 Dungeon Crawl Stone Soup version 0.26-a0-682-g294304f6e8 (webtiles) character file.

Game seed: 18341845104568478830

235832 grandjackal the Hand of Fortune (level 18, -10/173 HPs)
             Began as a Demonspawn Gladiator on Oct 21, 2020.
             Was the Champion of Nemelex Xobeh.
             Killed from afar by zazu2006's ghost (25 damage)
             ... with a blast of rock fragments
             ... on level 3 of the Swamp.
             The game lasted 00:57:15 (48157 turns).

grandjackal the Hand of Fortune (DsGl)             Turns: 48157, Time: 00:57:16

Health: -10/173    AC: 17    Str: 20    XL:     18   Next: 92%
Magic:  0/31       EV: 21    Int: 11    God:    Nemelex Xobeh [******]
Gold:   3459       SH: 14    Dex: 16    Spells: 17/17 levels left

rFire    . . .     SeeInvis +   T - +7 Singing Sword {vorpal, sonic wave}
rCold    + . .     Faith    .   b - +1 kite shield {rC+}
rNeg     . . .     Spirit   +   N - +2 scale mail {rPois}
rPois    +         Reflect  .   D - +2 helmet {SInv}
rElec    .         Harm     .   U - +0 cloak
rCorr    .         Rampage  .   B - +2 pair of gloves
MR       +....                  (boots unavailable)
Stlth    ..........             (no amulet)
HPRegen  0.38/turn              G - +4 ring of evasion
MPRegen  0.44/turn              O - ring of poison resistance

@: no status effects
A: hooves 3, rugged brown scales 2, foul stench 2, robust 1, magic shield, magic
regeneration, rot immunity
}: 1/15 runes: serpentine
a: Draw Escape, Draw Destruction, Draw Summoning, Triple Draw, Deal Four, Stack
Five, Renounce Religion


You were on level 3 of the Swamp.
You worshipped Nemelex Xobeh.
Nemelex Xobeh was exalted by your worship.
You visited 5 branches of the dungeon, and saw 30 of its levels.
You visited the Abyss 1 time.

You collected 4186 gold pieces.
You spent 727 gold pieces at shops.

Inventory:

Hand Weapons
 R - a +1 short sword of draining
 T - the +7 Singing Sword (weapon) {vorpal, sonic wave}
   (You acquired it on level 15 of the Dungeon)

   It inflicts extra damage upon your enemies.
Missiles
 d - 4 throwing nets (quivered)
Armour
 b - a +1 kite shield of cold resistance (worn)
 B - a +2 pair of gloves (worn)
 D - a +2 helmet of see invisible (worn)
 N - a +2 scale mail of poison resistance (worn)
 U - a +0 cloak (worn)
Jewellery
 c - an uncursed ring of protection from fire
 g - an uncursed ring of protection from fire
 A - an uncursed ring of positive energy
 G - a +4 ring of evasion (left hand)
 I - an uncursed ring of protection from fire
 K - an uncursed ring of resist corrosion
 O - a ring of poison resistance (right hand)
 W - an uncursed ring of protection from cold
 X - an uncursed ring of see invisible
Wands
 k - a wand of disintegration (17)
 r - a wand of paralysis (18)
 P - a wand of polymorph (24)
 Q - a wand of enslavement (19)
 Y - a wand of acid (18)
Scrolls
 a - 4 scrolls of magic mapping
 e - 4 scrolls of identify
 h - 5 scrolls of blinking
 n - 6 scrolls of enchant armour
 o - 3 scrolls of silence
 p - 13 scrolls of teleportation
 q - 9 scrolls of fear
 s - 12 scrolls of remove curse
 t - a scroll of torment
 x - 5 scrolls of fog
 y - 2 scrolls of summoning
 F - 5 scrolls of enchant weapon
 J - 8 scrolls of immolation
 M - a scroll of brand weapon
 Z - a scroll of vulnerability
Potions
 f - 2 potions of curing
 i - a potion of resistance
 j - 2 potions of haste
 l - 3 potions of lignification
 m - 6 potions of flight
 u - 5 potions of might
 w - 3 potions of mutation
 z - 3 potions of magic
 C - 3 potions of berserk rage
 E - 3 potions of cancellation
 H - 5 potions of heal wounds
 S - a potion of invisibility
 V - 2 potions of stabbing
Miscellaneous
 v - a condenser vane (2/2)


   Skills:
 + Level 16.2 Fighting
 + Level 15.1 Long Blades
 - Level 1.7 Throwing
 - Level 12.1 Dodging
 + Level 11.6 Shields
   Level 0.0 Necromancy
 + Level 19.6 Invocations


You had 17 spell levels left.
You didn't know any spells.
Your spell library contained the following spells:

 Spells                   Type           Power        Failure   Level
 Animate Skeleton         Necr           #.....       86%         1
 Apportation              Tloc           #.....       86%         1
 Corona                   Hex            #......      86%         1
 Foxfire                  Conj/Fire      #...         86%         1
 Freeze                   Ice            #...         86%         1
 Magic Dart               Conj           #...         86%         1
 Sting                    Tmut/Pois      #...         86%         1
 Summon Small Mammal      Summ           #...         86%         1
 Blink                    Tloc           N/A          94%         2
 Call Imp                 Summ           #.......     94%         2
 Ensorcelled Hibernation  Hex/Ice        #.....       94%         2
 Poisonous Vapours        Pois/Air       #.....       94%         2
 Slow                     Hex            #.......     94%         2
 Confusing Touch          Hex            #.......     99%         3
 Conjure Flame            Conj/Fire      #.......     99%         3
 Dazzling Flash           Conj/Hex       #.....       99%         3
 Frozen Ramparts          Ice            #.....       99%         3
 Gell's Gravitas          Tloc           #.........   99%         3
 Ignite Poison            Fire/Tmut/Pois #.......     99%         3
 Inner Flame              Hex/Fire       #.......     99%         3
 Lesser Beckoning         Tloc           #.........   99%         3
 Mephitic Cloud           Conj/Pois/Air  #.......     99%         3
 Ozocubu's Armour         Ice            #.......     99%         3
 Portal Projectile        Hex/Tloc       #.....       99%         3
 Teleport Other           Tloc           #.......     99%         3
 Tukima's Dance           Hex            #.......     99%         3
 Cause Fear               Hex            #.........   100%        4
 Hailstorm                Conj/Ice       #.......     100%        4
 Iskenderun's Mystic Bla  Conj/Tloc      #.......     100%        4
 Leda's Liquefaction      Hex/Erth       #.........   100%        4
 Olgreb's Toxic Radiance  Pois           #.......     100%        4
 Petrify                  Tmut/Erth      #.......     100%        4
 Sticky Flame             Conj/Fire      #.......     100%        4
 Summon Ice Beast         Ice/Summ       #.......     100%        4
 Alistair's Intoxication  Tmut/Pois      #........    100%        5
 Fireball                 Conj/Fire      #.........   100%        5
 Metabolic Englaciation   Hex/Ice        #.........   100%        5
 Yara's Violent Unravell  Hex/Tmut       #.........   100%        5
 Dispersal                Tloc           #.........   100%        6
 Freezing Cloud           Conj/Ice/Air   #.........   100%        6
 Invisibility             Hex            #.......     100%        6


Dungeon Overview and Level Annotations

Branches:
Dungeon (15/15)            Temple (0/1) D:5            Lair (6/6) D:9
  Swamp (3/4) Lair:4        Snake (4/4) Lair:4        Slime (0/5) Lair:6
    Orc (2/2) D:11            Elf (0/3) Orc:2        Vaults (0/5) D:14
 Depths (0/5) D:15

Altars:
Ashenzari
Dithmenos
Elyvilon
Fedhas
Kikubaaqudgha
Makhleb
Nemelex Xobeh
Qazlal
Ru
Sif Muna
Uskayaw
Wu Jian
Yredelemnul
Zin
Beogh

Shops:
D:4 (??   D:5 *   D:8 :   D:10 (   Orc:2 [(([

Portals:
Hell: Lair:6

Annotations:
D:3 1 runed translucent door, kd29's ghost, amateur GnTm
Lair:2 Ciovowug's ghost, journeyman DrTm
Swamp:3 1 transporter, zazu2006's ghost, adept NaWz
Orc:1 2 transporters, dickylongcocking's ghost, journeyman DsIE


Innate Abilities, Weirdness & Mutations

You have hooves in place of feet.
You are mostly covered in rugged brown scales. (AC +2, +5% HP)
You frequently emit foul miasma when damaged in melee.
You are robust. (+10% HP)
When hurt, damage is shared between your health and your magic reserves.
You regenerate magic rapidly.
You are immune to rotting.


Message History

You hit zazu2006's ghost.
You kick zazu2006's ghost, but do no damage.
Zazu2006's ghost is almost destroyed.
Zazu2006's ghost waves its arms in wide circles.
The air twists around and strikes you!!
* * * LOW HITPOINT WARNING * * *
You hit zazu2006's ghost. Your kick misses zazu2006's ghost.
Zazu2006's ghost is almost destroyed.
You slice zazu2006's ghost!! Your kick misses zazu2006's ghost.
Zazu2006's ghost is almost destroyed.
Zazu2006's ghost casts a spell at you. The stone arrow hits you!!
* * * LOW HITPOINT WARNING * * *
Your shield prevents you from hitting zazu2006's ghost.
You kick zazu2006's ghost, but do no damage.
Zazu2006's ghost is almost destroyed.
Zazu2006's ghost points at you and mumbles some strange words.
The wall shatters!
The blast of rock fragments hits you!!
You die...
Your body glows with a rainbow of weird colours and disappears.

♣≈≈..♣♣♣≈≈≈≈≈≈.♣
♣...≈§.≈..≈≈...♣
♣♣♣..........≈♣ .♣ ♣≈
♣♣...#####....♣♣
.≈♣♣≈♣♣..###...###..♣
..≈♣≈.≈.# ......©#.≈♣♣
..≈....#..#.#...#..≈♣♣
≈.≈≈≈≈.≈....#.(#.#...#...≈♣
.§≈≈≈§≈♣♣≈..##$W@..#.##...♣♣
≈≈≈≈≈≈♣♣♣♣...#}.#†..#.#..≈.♣
≈..≈≈.♣♣§.≈.©#!=†©#...#...♣♣
≈≈≈≈≈..≈≈♣...#!#†....##.≈.♣
≈≈≈≈≈≈≈≈≈≈♣.##(#...#.#©.≈≈♣
..≈≈≈≈≈≈≈.♣.#.$#.##..##...♣
.§≈≈≈≈≈≈≈≈..#.#...#.$.#..♣♣
≈≈≈..≈≈.....##..#!...##.♣♣
≈...≈≈≈......#..[...##..♣


You could see zazu2006's ghost.

Vanquished Creatures
  Vashnia (Snake:3)
  A caustic shrike (Snake:3)
  Agnes (D:15)
  Roxanne (Snake:1)
  9 nagarajas
  Aizul (Snake:3)
  An orc warlord (Orc:2)
  A very ugly thing (Swamp:3)
  A minotaur (Orc:2)
  Nessos (D:13)
  An ettin (D:15)
  2 fire dragons (D:15)
  Josephine (Lair:4)
  Snorg (Orc:2)
  A vault guard (D:14)
  Erolcha (D:9)
  14 naga warriors
  2 boulder beetles (D:12)
  A ghost crab (Swamp:3)
  A shambling mangrove (Swamp:2)
  9 hydras
  6 centaur warriors
  9 anacondas
  12 alligators
  6 two-headed ogres
  2 death yaks
  2 shock serpents
  A tengu warrior (D:12)
  A sun demon (Lair:6)
  3 spriggans (Swamp:2)
  16 naga sharpshooters
  5 salamander mystics
  3 unseen horrors
  A phantasmal warrior (D:15)
  A glowing orange brain (Snake:4)
  2 wizards
  Pikel (D:8)
  A deep troll (D:15)
  6 naga ritualists
  A lindwurm (Lair:6)
  2 orc knights (Orc:2)
  A deep elf archer (D:15)
  3 mana vipers
  2 deep elf magi
  3 manticores
  4 cyclopes
  11 salamanders
  10 ugly things
  A cyclops (shapeshifter) (D:13)
  2 orc sorcerers
  A centaur zombie (D:10)
  12 elephants
  2 moths of wrath
  3 guardian serpents
  12 naga magi
  38 black mambas
  2 gargoyles
  2 orange demons (Lair:6)
  18 cane toads
  A kobold demonologist (D:12)
  11 rime drakes
  3 ice devils (Lair:6)
  A hellwing (Lair:6)
  12 trolls
  14 komodo dragons
  3 polar bears
  A red devil (Lair:6)
  A tengu conjurer (D:12)
  8 hornets
  2 tyrant leeches (Swamp:1)
  25 blink frogs
  A bog body (Swamp:2)
  6 slime creatures (D:13)
  6 dream sheep (Lair:6)
  2 shadows
  5 wyverns
  31 yaks
  6 wraiths
  2 basilisks (Lair:3)
  10 vampire mosquitoes
  A steam dragon (Lair:3)
  An acid dragon (D:12)
  2 soldier ants (D:11)
  44 nagas
  10 swamp worms
  11 insubstantial wisps
  3 wargs
  22 water moccasins
  2 hell hounds (Lair:6)
  2 ice beasts
  5 swamp drakes
  29 orc warriors
  4 black bears
  A phantom (D:12)
  8 sky beasts
  12 ogres
  An eye of draining (D:15)
  19 wolves
  2 centaurs (D:7)
  5 big kobolds
  A lemure (D:8)
  28 bullfrogs
  A wyvern zombie (D:14)
  A wyvern skeleton (D:9)
  10 scorpions
  2 water moccasin skeletons
  15 killer bees
  11 wights
  8 electric eels
  3 howler monkeys
  4 vampire bats
  A quasit (D:10)
  2 bullfrog skeletons
  3 bullfrog zombies
  13 hounds
  8 centaur skeletons
  17 orc priests
  5 jellies
  20 orc wizards
  Jessica (D:2)
  7 iguanas
  7 worker ants
  A hound zombie (D:6)
  A mummy (D:5)
  A worker ant zombie (D:10)
  A howler monkey skeleton (D:8)
  10 gnolls
  17 adders
  A shadow imp (D:8)
  4 white imps
  6 ufetubi
  4 oozes
  2 worms
  6 dart slugs
  4 leopard geckos
  103 orcs
  13 bats
  4 bat skeletons (D:4)
  2 bat zombies (D:4)
  12 giant cockroaches
  7 goblins
  5 hobgoblins
  7 jackals
  6 quokkas
  3 ball pythons
  2 frilled lizards
  A hobgoblin zombie (D:5)
  27 kobolds
  An orc zombie (D:5)
  A quokka skeleton (D:4)
  8 rats
1023 creatures vanquished.

Vanquished Creatures (collateral kills)
  Rupert (Lair:6)
  A nagaraja (Snake:3)
  An orc warlord (Orc:2)
  3 naga sharpshooters (Snake:3)
  A shock serpent (Snake:3)
  Sonja (Orc:1)
  A black mamba (Snake:3)
  A gargoyle (D:10)
  A troll (Snake:3)
  11 yaks (Lair:6)
  2 water moccasins (Snake:3)
  An adder (Snake:3)
  4 orcs
29 creatures vanquished.

Vanquished Creatures (others)
  A naga mage (Snake:4)
  A cane toad (Swamp:3)
  A naga (Snake:4)
  A sky beast (D:9)
  A hound (Orc:2)
  An adder (D:12)
  An orc (D:8)
  95 fungi
  145 plants
247 creatures vanquished.

Grand Total: 1299 creatures vanquished

Notes
Turn   | Place    | Note
-------+----------+-------------------------------------------
     0 | D:1      | grandjackal the Demonspawn Gladiator began the quest for
                  | the Orb.
     0 | D:1      | Reached XP level 1. HP: 16/16 MP: 1/1
   181 | D:1      | Gained mutation: You have large cloven feet. [demonic
                  | ancestry]
   181 | D:1      | Reached XP level 2. HP: 14/22 MP: 2/2
   596 | D:1      | Gained mutation: When hurt, damage is shared between your
                  | health and your magic reserves. [demonic ancestry]
   596 | D:1      | Reached XP level 3. HP: 18/28 MP: 3/3
  1080 | D:2      | Noticed Jessica
  1087 | D:2      | Killed Jessica
  1087 | D:2      | Gained mutation: You have hoof-like feet. [demonic
                  | ancestry]
  1087 | D:2      | Reached XP level 4. HP: 27/35 MP: 4/4
  1501 | D:2      | Reached XP level 5. HP: 37/41 MP: 2/5
  2663 | D:3      | Found a runed translucent door.
  2674 | D:3      | Noticed kd29's ghost (amateur GnTm)
  2938 | D:3      | Found a sparkling altar of Nemelex Xobeh.
  3183 | D:3      | Became a worshipper of Nemelex Xobeh the Trickster
  3272 | D:4      | Reached XP level 6. HP: 43/48 MP: 4/6
  3283 | D:4      | Found a shimmering blue altar of Sif Muna.
  3327 | D:4      | Found Suregad's Magic Scroll Shop.
  3340 | D:4      | Reached skill level 1 in Invocations
  3343 | D:4      | Bought a scroll of fear for 42 gold pieces
  3343 | D:4      | Bought a scroll of teleportation for 36 gold pieces
  3343 | D:4      | Bought a scroll of fog for 24 gold pieces
  3343 | D:4      | Bought a scroll of identify for 24 gold pieces
  3739 | D:4      | Found a shadowy altar of Dithmenos.
  3826 | D:4      | Found Loej's Magic Scroll Shop.
  3875 | D:4      | Found Rylim's Antique Weapon Shop.
  4082 | D:4      | Reached skill level 2 in Invocations
  4098 | D:4      | Gained mutation: You are immune to rotting. [demonic
                  | ancestry]
  4098 | D:4      | Reached XP level 7. HP: 50/55 MP: 6/8
  4230 | D:4      | Found an ancient bone altar of Kikubaaqudgha.
  4254 | D:4      | Reached skill level 3 in Invocations
  4710 | D:5      | Entered Level 5 of the Dungeon
  4710 | D:5      | Found Zin's Purification Station.
  4719 | D:5      | Found a glowing silver altar of Zin.
  4777 | D:5      | Reached skill level 5 in Long Blades
  4777 | D:5      | Reached skill level 5 in Dodging
  4779 | D:5      | Reached skill level 5 in Fighting
  4930 | D:5      | Reached * piety under Nemelex Xobeh
  4930 | D:5      | Received a gift from Nemelex Xobeh
  4942 | D:5      | Found a sand-covered staircase.
  5152 | D:5      | Reached skill level 4 in Invocations
  5208 | D:5      | Found a staircase to the Ecumenical Temple.
  5392 | D:5      | Gained mutation: You regenerate magic rapidly. [demonic
                  | ancestry]
  5392 | D:5      | Reached XP level 8. HP: 59/62 MP: 9/11
  5797 | D:4      | Bought a scroll of enchant armour for 97 gold pieces
  5797 | D:4      | Bought a scroll of enchant weapon for 97 gold pieces
  5860 | D:6      | Found a basalt altar of Yredelemnul.
  5860 | D:6      | Found a hide-covered altar of Uskayaw.
  5860 | D:6      | Found an ornate altar of the Wu Jian Council.
  5861 | D:6      | Found a broken altar of Ashenzari.
  5862 | D:6      | Found a stormy altar of Qazlal.
  5896 | D:5      | Reached skill level 5 in Invocations
  6192 | D:6      | Found a white marble altar of Elyvilon.
  6506 | D:6      | Reached ** piety under Nemelex Xobeh
  6539 | D:6      | Received a gift from Nemelex Xobeh
  6889 | D:6      | Reached skill level 6 in Invocations
  7300 | D:7      | Reached XP level 9. HP: 65/71 MP: 11/13
  7932 | D:7      | Reached skill level 7 in Invocations
  8243 | D:8      | Received a gift from Nemelex Xobeh
  8392 | D:8      | Found Satasch's Book Shoppe.
  8594 | D:8      | You fall into a shaft and drop 3 floors!
  8822 | D:11     | Noticed a manticore
  8825 | D:11     | Reached skill level 8 in Invocations
  8833 | D:11     | Killed a manticore
  9199 | D:11     | Gained mutation: You may emit foul miasma when damaged in
                  | melee. [demonic ancestry]
  9199 | D:11     | Reached XP level 10. HP: 65/80 MP: 12/16
  9497 | D:11     | Noticed a gargoyle
  9525 | D:11     | Killed a gargoyle
  9649 | D:10     | Entered Level 10 of the Dungeon
  9783 | D:10     | Reached *** piety under Nemelex Xobeh
  9867 | D:10     | Reached skill level 9 in Invocations
 10208 | D:10     | Received a gift from Nemelex Xobeh
 10515 | D:8      | Noticed a two-headed ogre
 10529 | D:8      | Killed a two-headed ogre
 10636 | D:8      | Noticed Pikel
 10648 | D:8      | Killed Pikel
 10890 | D:4      | Bought a scroll of remove curse for 36 gold pieces
 10890 | D:4      | Bought a scroll of amnesia for 42 gold pieces
 10933 | D:4      | Bought a scroll of magic mapping for 45 gold pieces
 10933 | D:4      | Bought a scroll of silence for 97 gold pieces
 11048 | D:9      | Noticed Erolcha
 11065 | D:8      | Reached skill level 10 in Invocations
 11183 | D:9      | Killed Erolcha
 11385 | D:9      | Noticed a two-headed ogre
 11397 | D:9      | Killed a two-headed ogre
 11397 | D:9      | Gained mutation: You frequently emit foul miasma when
                  | damaged in melee. [demonic ancestry]
 11397 | D:9      | Reached XP level 11. HP: 48/89 MP: 9/18
 11656 | D:9      | Noticed a two-headed ogre
 11686 | D:9      | Killed a two-headed ogre
 11963 | D:9      | Found a staircase to the Lair.
 12569 | D:10     | Reached skill level 11 in Invocations
 13140 | D:10     | Received a gift from Nemelex Xobeh
 13198 | D:10     | Found Finkots's Weapon Shoppe.
 13246 | D:11     | Found a roughly hewn altar of Beogh.
 13246 | D:11     | Found a staircase to the Orcish Mines.
 13420 | D:11     | Reached **** piety under Nemelex Xobeh
 14100 | D:12     | Noticed a boulder beetle
 14131 | D:12     | Killed a boulder beetle
 14131 | D:12     | Reached skill level 10 in Fighting
 14547 | D:12     | Noticed a brown ugly thing
 14559 | D:12     | Killed a brown ugly thing
 14672 | D:12     | Noticed a boulder beetle
 14863 | D:12     | Killed a boulder beetle
 15215 | D:12     | Noticed a two-headed ogre
 15223 | D:12     | Killed a two-headed ogre
 15223 | D:12     | Gained mutation: You are partially covered in rugged brown
                  | scales. (AC +1, +3% HP) [demonic ancestry]
 15223 | D:12     | Reached XP level 12. HP: 69/99 MP: 15/20
 15563 | D:12     | Reached skill level 12 in Invocations
 15627 | D:12     | Received a gift from Nemelex Xobeh
 15785 | D:13     | Noticed Nessos
 15917 | D:13     | Noticed a tengu warrior
 15965 | D:12     | Killed a tengu warrior
 16407 | D:13     | Reached skill level 10 in Long Blades
 16407 | D:13     | Reached skill level 10 in Dodging
 17716 | D:13     | Killed Nessos
 18256 | Orc:1    | Entered Level 1 of the Orcish Mines
 18256 | Orc:1    | Received a gift from Nemelex Xobeh
 18735 | Orc:1    | Noticed Sonja
 18753 | Orc:1    | Killed Sonja
 18909 | Orc:1    | Noticed a rakshasa
 18915 | Orc:1    | Found a transporter.
 18923 | Orc:1    | Noticed dickylongcocking's ghost (journeyman DsIE)
 18979 | Orc:1    | Noticed a tentacled starspawn
 18988 | Orc:1    | Identified the +5 double sword "Faneatt" {distort, Int+5}
 18989 | Orc:1    | Found a transporter.
 18995 | Orc:1    | Reached skill level 13 in Invocations
 19082 | Orc:1    | Reached ***** piety under Nemelex Xobeh
 19215 | Orc:2    | Entered Level 2 of the Orcish Mines
 19268 | Orc:2    | Received a gift from Nemelex Xobeh
 19293 | Orc:2    | Noticed an orc warlord
 19295 | Orc:2    | Noticed a minotaur
 19295 | Orc:2    | an orc warlord changed into a minotaur
 19319 | Orc:2    | Killed a minotaur
 19456 | Orc:2    | Found a staircase to the Elven Halls.
 19464 | Orc:2    | Found a roughly hewn altar of Beogh.
 19480 | Orc:2    | Found Busomy's Weapon Shoppe.
 20300 | Orc:2    | Noticed Snorg
 20316 | Orc:2    | Killed Snorg
 20896 | Orc:2    | Received a gift from Nemelex Xobeh
 20959 | Orc:2    | Found a roughly hewn altar of Beogh.
 20959 | Orc:2    | Found Padig's Antique Armour Boutique.
 21378 | Orc:2    | Gained mutation: You are mostly covered in rugged brown
                  | scales. (AC +2, +5% HP) [demonic ancestry]
 21378 | Orc:2    | Reached XP level 13. HP: 69/111 MP: 19/23
 21573 | Orc:2    | Noticed an orc warlord
 21595 | Orc:2    | Killed an orc warlord
 22179 | Orc:2    | Noticed an orc warlord
 22222 | Orc:2    | Killed an orc warlord
 23044 | Orc:2    | Found Capnuaj's Antique Armour Shoppe.
 23045 | Orc:2    | Found a roughly hewn altar of Beogh.
 23048 | Orc:2    | Found Bulionte's Antique Weapon Emporium.
 23100 | Orc:2    | Found a roughly hewn altar of Beogh.
 23313 | Lair:1   | Entered Level 1 of the Lair of Beasts
 24047 | Lair:1   | Received a gift from Nemelex Xobeh
 24170 | Lair:1   | Received a gift from Nemelex Xobeh
 24670 | Lair:1   | Received a gift from Nemelex Xobeh
 25110 | Lair:2   | Reached skill level 14 in Invocations
 25394 | Lair:2   | You fall into a shaft and drop 1 floor!
 25481 | Lair:3   | Received a gift from Nemelex Xobeh
 25626 | Lair:2   | Found a transporter.
 25629 | Lair:2   | Noticed Ciovowug's ghost (journeyman DrTm)
 25633 | Lair:2   | Found a transporter.
 26190 | Lair:2   | Received a gift from Nemelex Xobeh
 28458 | Lair:4   | Noticed Josephine
 28471 | Lair:4   | Killed Josephine
 28473 | Lair:4   | Reached XP level 14. HP: 119/121 MP: 25/25
 28477 | Lair:4   | Reached skill level 15 in Invocations
 28477 | Lair:4   | Reached XP level 15. HP: 127/128 MP: 26/26
 28478 | Lair:4   | Reached skill level 5 in Shields
 28478 | Lair:4   | Gained mutation: You have hooves in place of feet. [demonic
                  | ancestry]
 28478 | Lair:4   | Reached XP level 16. HP: 135/135 MP: 27/27
 28524 | Lair:4   | Reached ****** piety under Nemelex Xobeh
 28754 | Orc:2    | Bought a runed kite shield for 187 gold pieces
 29078 | Lair:4   | Found a staircase to the Snake Pit.
 29081 | Lair:4   | Received a gift from Nemelex Xobeh
 30126 | Lair:4   | Found a staircase to the Swamp.
 30988 | Lair:5   | Received a gift from Nemelex Xobeh
 31022 | Lair:5   | Found a sacrificial altar of Ru.
 31117 | Lair:5   | Got a shimmering wooden ring
 31119 | Lair:5   | Identified the ring of Weoma {Int+6 Stlth-} (You found it
                  | on level 5 of the Lair of Beasts)
 31368 | Lair:6   | Entered Level 6 of the Lair of Beasts
 31566 | Lair:6   | Noticed Rupert
 31569 | Lair:6   | Paralysed by Rupert for 3 turns
 31575 | Lair:6   | Paralysed by Rupert for 3 turns
 31577 | Lair:6   | Killed Rupert
 31598 | Lair:6   | Reached skill level 16 in Invocations
 31646 | Lair:6   | Received a gift from Nemelex Xobeh
 32143 | Lair:6   | Found a staircase to the Slime Pits.
 32349 | Lair:6   | Received a gift from Nemelex Xobeh
 33039 | Lair:6   | Cast into level 2 of the Abyss (a wizard)
 33078 | Lair:6   | Escaped the Abyss
 33132 | Lair:6   | Found a burning altar of Makhleb.
 33515 | Lair:6   | Found a gateway to Hell.
 33617 | Lair:6   | Received a gift from Nemelex Xobeh
 34139 | D:14     | Identified 2 scrolls of acquirement
 34665 | D:14     | Received a gift from Nemelex Xobeh
 34875 | D:14     | Found a gate to the Vaults.
 35006 | D:14     | Found a blossoming altar of Fedhas.
 35199 | D:15     | Entered Level 15 of the Dungeon
 35199 | D:15     | Received a gift from Nemelex Xobeh
 35676 | D:15     | Noticed Agnes
 35684 | D:15     | Killed Agnes
 35908 | D:15     | Found a staircase to the Depths.
 36285 | D:15     | Reached skill level 17 in Invocations
 36304 | D:15     | Reached XP level 17. HP: 88/145 MP: 25/29
 36687 | D:15     | Identified the Compendium of Orientation
 37157 | D:15     | Received a gift from Nemelex Xobeh
 37388 | D:15     | Acquired 926 gold pieces
 37391 | D:15     | Acquired the +7 Singing Sword {vorpal, sonic wave}
 37392 | D:15     | Found the +7 Singing Sword {vorpal, sonic wave}
 37654 | Snake:1  | Entered Level 1 of the Snake Pit
 38087 | Snake:1  | Noticed Roxanne
 38105 | Snake:1  | Killed Roxanne
 39535 | Snake:2  | Received a gift from Nemelex Xobeh
 39856 | Snake:2  | Received a gift from Nemelex Xobeh
 41077 | Snake:3  | Reached skill level 18 in Invocations
 41282 | Snake:3  | Noticed Aizul
 41302 | Snake:3  | Killed Aizul
 41676 | Snake:3  | Reached skill level 15 in Fighting
 41732 | Snake:3  | Reached skill level 10 in Shields
 42230 | Snake:3  | Received a gift from Nemelex Xobeh
 42231 | Snake:3  | Noticed Vashnia
 42262 | Snake:3  | Killed Vashnia
 42521 | Snake:3  | Noticed Saint Roka
 42525 | Snake:3  | Paralysed by an orc for 2 turns
 42548 | Snake:3  | Noticed Saint Roka
 42548 | Snake:3  | Saint Roka changed into Saint Roka the caustic shrike
 42551 | Snake:3  | Killed Saint Roka the caustic shrike
 42551 | Snake:3  | Gained mutation: You are robust. (+10% HP) [demonic
                  | ancestry]
 42551 | Snake:3  | Reached XP level 18. HP: 9/171 MP: 28/31
 43546 | Snake:4  | Entered Level 4 of the Snake Pit
 43772 | Snake:4  | Received a gift from Nemelex Xobeh
 44844 | Snake:4  | Received a gift from Nemelex Xobeh
 44871 | Snake:4  | Reached skill level 19 in Invocations
 45535 | Snake:4  | Got a serpentine rune of Zot
 45569 | Snake:4  | Received a gift from Nemelex Xobeh
 45788 | Swamp:1  | Entered Level 1 of the Swamp
 46207 | Swamp:1  | Received a gift from Nemelex Xobeh
 46857 | Swamp:2  | Received a gift from Nemelex Xobeh
 46955 | Swamp:2  | Reached skill level 15 in Long Blades
 47341 | Swamp:2  | Received a gift from Nemelex Xobeh
 47973 | Swamp:3  | Found a transporter.
 47979 | Swamp:3  | Noticed zazu2006's ghost (adept NaWz)
 48010 | Swamp:3  | Found a transporter.
 48157 | Swamp:3  | Killed from afar by zazu2006's ghost

Illustrated notes

Levels and vault maps discovered:
D:1:      heliophobic_arrival_battle_scene, layout_loops_cross,
          supply_closet_lemuel, minmay_misc_feat_hallway, minmay_tromino_v2
D:2:      layout_loops_ring, minivault_5, uniq_jessica
D:3:      layout_loops_corners, overflow_temple_1_default,
          ebering_ghost_reflecting_pool
D:4:      layout_loops_corners, lemuel_coloured_pillars_altar,
          lemuel_round_altar, kennysheep_vampire_church, serial_shops, shop,
          kennysheep_mini_moat, nicolae_shop_temple_entry_statues_fountains,
          cheibrodos_sewer_entry_drain
D:5:      layout_cave_pools, zin_purify, minmay_temple_entry_large_hall,
          nicolae_ossuary_entry_giza
D:6:      layout_loops_ring, grunt_temple_overflow_open,
          hangedman_decor_opposing
D:7:      layout_basic, minmay_manual_mess
D:8:      layout_gridville, serial_shops, nicolae_shop_waterfront,
          serial_bayou_pond_c, uniq_pikel
D:9:      layout_gridville, due_lair_maze_entry_diamond,
          chequers_serial_rivers_micro_b, uniq_erolcha
D:10:     layout_long_grid, serial_shops, shop_fountains
D:11:     layout_loops_ring, david_orc_5, hangedman_pestilent_swarm
D:12:     layout_gridville
D:13:     layout_rooms, uniq_nessos
D:14:     layout_irregular_city, david_vaults_5, fedhas_altar_3
D:15:     grunt_enter_depths_hoard, layout_layer_cave, minmay_misc_feat_chi,
          grunt_ministairs_14, minmay_checkered_concentric_circles, uniq_agnes
Lair:1:   layout_hall_layers, serial_bayou, serial_bayou_pond_e,
          serial_bayou_pond_c, serial_bayou_lake_a, serial_bayou_ford_a
Lair:2:   layout_cellular_growth, gammafunk_ghost_berserking_beasts
Lair:3:   beast_lair_carwin_large_2, layout_gridlike, grunt_megastairs_4
Lair:4:   layout_small_grid, swamp_mist_pool, minmay_snake_entry_six_corridors,
          serial_bayou_shore_a, grunt_megastairs_5, infiniplex_staircase_pool,
          serial_bayou_shore_b, uniq_josephine
Lair:5:   layout_hall_layers, basic_altar, grunt_megastairs_2
Lair:6:   evil_forest, layout_regular_city, slime_dummy,
          chequers_serial_rivers_marsh, roderic_batcave, st_stairs_4,
          grunt_megastairs_1, uniq_rupert
Swamp:1:  layout_falls_marsh, evilmike_swamp_ruin_rubble_1, swamp_pool2,
          hangedman_swamp_diagram
Swamp:2:  layout_basic_swamp, evilmike_swamp_ruin_house_6, swamp_pool1,
          nicolae_swamp_very_dense_foliage
Swamp:3:  layout_basic_swamp, gammafunk_ghost_berserking_beasts,
          nicolae_swamp_feature_on_the_river_bank
Snake:1:  layout_gridlike, uniq_roxanne
Snake:2:  layout_chambers
Snake:3:  layout_honeycomb, minmay_snake_pond, uniq_vashnia, uniq_saint_roka,
          uniq_aizul
Snake:4:  minmay_snake_end_coiled, layout_cave_town, serial_bayou_shore_b
Orc:1:    layout_caves, gammafunk_ghost_abyssal_escape, uniq_sonja
Orc:2:    grunt_orc_community_town_hall, layout_diamond_mine,
          grunt_orc_community_big_house_1, grunt_orc_community_big_house_1,
          grunt_orc_community_house_2, grunt_orc_community_house_3,
          grunt_orc_community_house_3, grunt_orc_community_house_3,
          minmay_orc_barracks, uniq_snorg

Skill      XL: |  1  2  3  4  5  6  7  8  9 10 11 12 13 14 15 16 17 18 |
---------------+-------------------------------------------------------+-----
Long Blades    | 3 4 5 6 7 8 9 10 11 12 13 14 15 | 15.1
Dodging        | 3 4 5 6 7 8 9 10 11 12 | 12.1
Fighting       | 3 4 5 6 7 9 10 11 12 14 15 16 | 16.2
Invocations    | 2 4 6 8 10 11 13 14 15 17 18 19 | 19.6
Shields        | 5 8 10 11 | 11.6
Throwing       | |  1.7

Action                   |  1- 3 |  4- 6 |  7- 9 | 10-12 | 13-15 | 16-18 || total
-------------------------+-------+-------+-------+-------+-------+-------++-------
Melee: Long sword        |    67 |   138 |   369 |   967 |   121 |       ||  1662
       Kick              |     8 |    34 |   151 |   418 |   225 |   725 ||  1561
       Scimitar          |       |       |       |       |   307 |   836 ||  1143
       Short sword       |       |       |       |       |     9 |    47 ||    56
       Double sword      |       |       |       |       |       |   719 ||   719
Throw: Dart              |       |       |       |    11 |       |       ||    11
       Throwing net      |       |       |       |     1 |       |       ||     1
Invok: Draw Destruction  |       |       |     2 |     9 |     3 |     9 ||    23
       Draw Summoning    |       |       |       |     3 |     1 |     1 ||     5
       Deal Four         |       |       |       |     1 |     1 |     4 ||     6
       Triple Draw       |       |       |       |       |       |     1 ||     1
Evoke: Wand              |       |       |       |    16 |     6 |     3 ||    25
  Use: Scroll            |       |     8 |     7 |     8 |     4 |    10 ||    37
       Potion            |       |       |     5 |     4 |     2 |     4 ||    15
 Stab: Invisible         |       |       |       |    13 |       |       ||    13
       Confused          |       |       |       |     2 |       |       ||     2
       Distracted        |       |       |       |     1 |       |       ||     1
       Held in net/web   |       |       |       |     1 |       |       ||     1
Armor: Leather armour    |     6 |       |       |       |       |       ||     6
       Ring mail         |    20 |    51 |   119 |    27 |       |       ||   217
       Scale mail        |       |       |       |   249 |   139 |   315 ||   703
Dodge: Dodged            |    56 |    95 |   353 |  1047 |   505 |  1062 ||  3118
Block: Kite shield       |       |       |       |       |       |   907 ||   907
       Rpst.: Long sword |    20 |    25 |   105 |   261 |    37 |       ||   448
       Scimitar          |       |       |       |       |   100 |   133 ||   233
       Double sword      |       |       |       |       |       |    81 ||    81

Table legend: (Time is in decaauts)
 A = Elapsed time spent in this place.
 B = Non-inter-level travel time spent in this place.
 C = Inter-level travel time spent in this place.
 D = Time resting spent in this place.
 E = Time spent auto-exploring this place.
 F = Levels seen in this place.
 G = Mean time per level.
                   A        B        C        D        E       F      G
               +--------+--------+--------+--------+--------+-----+--------+
         Total |  48075 |  45924 |   2151 |  15593 |  23156 |  31 | 1550.8 |
       Dungeon |  22410 |  21101 |   1309 |   7094 |  10871 |  15 | 1494.0 |
          Lair |  10239 |   9856 |    383 |   2595 |   5769 |   6 | 1706.5 |
         Swamp |   2468 |   2404 |     64 |     83 |   1845 |   3 |  822.7 |
     Snake Pit |   8046 |   7821 |    225 |   3318 |   3404 |   4 | 2011.5 |
  Orcish Mines |   4872 |   4704 |    168 |   2503 |   1266 |   2 | 2436.0 |
         Abyss |     38 |     38 |      0 |      0 |      0 |   1 |   38.0 |
               +--------+--------+--------+--------+--------+-----+--------+

Top non-repeatable levels by time:
   Orc:2: 3728 daAuts
    D:12: 3441 daAuts
 Snake:3: 2601 daAuts
 Snake:2: 2418 daAuts
  Lair:6: 2356 daAuts
    D:15: 2219 daAuts
  Lair:2: 2126 daAuts
    D:11: 2088 daAuts
  Lair:4: 2061 daAuts
     D:9: 1794 daAuts
  Lair:1: 1696 daAuts
 Snake:1: 1680 daAuts
     D:4: 1655 daAuts
     D:5: 1372 daAuts
 Snake:4: 1345 daAuts
